 Dungeon Crawl Stone Soup version 0.23-a0-612-gcb482e9 (webtiles) character file.

268 Inarius the Chopper (level 6, -7/48 HPs)
             Began as a Demonspawn Chaos Knight on Dec 21, 2018.
             Was a Plaything of Xom.
             Mangled by an ogre
             ... wielding a +0 giant club
              (23 damage)
             ... on level 4 of the Dungeon.
             The game lasted 00:04:03 (2781 turns).

Inarius the Chopper (Demonspawn Chaos Knight)       Turns: 2781, Time: 00:04:03

Health: -7/48      AC:  7    Str: 14    XL:     6   Next: 1%
Magic:  6/6        EV: 10    Int: 14    God:    Xom [....*.]
Gold:   93         SH:  0    Dex: 12    Spells: 5/5 levels left

rFire    . . .     SeeInvis .   a - +0 hand axe (chaos)
rCold    . . .     Gourm    .   (no shield)
rNeg     . . .     Faith    .   o - +1 scale mail {rPois}
rPois    +         Spirit   .   (no helmet)
rElec    .         Reflect  .   (no cloak)
rCorr    .         Harm     .   (no gloves)
MR       .....                  (no boots)
Stlth    ..........             (no amulet)
HPRegen  0.16/turn              (no ring)
MPRegen  0.10/turn              (no ring)

@: no status effects
A: talons 1, demonic guardian 1, spiny 2
a: Renounce Religion


You were on level 4 of the Dungeon.
You worshipped Xom.
You were a beloved toy of Xom.
You were not hungry.

You visited 1 branch of the dungeon, and saw 4 of its levels.

You collected 93 gold pieces.

Inventory:

Hand Weapons
 a - a +0 hand axe of chaos (weapon)
Armour
 o - a +1 scale mail of poison resistance (worn)
Scrolls
 d - a scroll of magic mapping {unknown}
 e - 7 scrolls of identify {unknown}
 f - a scroll of immolation {unknown}
 g - a scroll of enchant weapon {unknown}
 j - 3 scrolls of remove curse {unknown}
 l - a scroll of fog {unknown}
 m - 3 scrolls of teleportation {unknown}
 n - a scroll of amnesia {unknown}
Potions
 b - a potion of flight {unknown}
 h - a potion of brilliance
 i - a potion of curing {unknown}
 k - a potion of invisibility {unknown}
 q - a potion of cancellation {unknown}
 r - a potion of haste
Comestibles
 c - 7 rations
 p - 8 chunks of flesh


   Skills:
 + Level 3.9 Fighting
 + Level 4.6 Axes
 + Level 2.4 Armour
 + Level 2.2 Dodging
 + Level 1.1 Stealth


You had 5 spell levels left.
You didn't know any spells.
Your spell library was empty.

Dungeon Overview and Level Annotations

Branches:
Dungeon (4/15)
 Temple: D:4-7

Altars:
Ashenzari
Kikubaaqudgha
Qazlal
Xom


Innate Abilities, Weirdness & Mutations

You have sharp toenails.
A weak demonic guardian rushes to your aid.
You are mostly covered in sharp spines.


Message History

The orc wizard gestures at you while chanting.
The magic dart hits you!
The orc wizard miscasts a cantrip.
The orc closely misses you.
There is an open door here.
You hit the ogre. You burn the ogre.
The ogre is heavily wounded.
You hit the orc. The ogre is struck by your spines.
The ogre hits you with a +0 giant club!
Unknown command.
You are too injured to fight recklessly!
Unknown command.
You hit the ogre.
The ogre is severely wounded.
You hit the orc wizard.
The orc wizard is poisoned.
The orc wizard glows momentarily.
You hit the orc but do no damage. The orc hits you with a +0 flail!
The ogre is struck by your spines.
The ogre hits you with a +0 giant club!!
You die...
Xom is highly amused!

#....# #... ######....#
#....#...##....##
#....#..........#
#....#..........#
#....###'####..##
#......#.#####'####+####
#......'.......5#Ooo....
#......#........@oo.....
#......#........#o......
#......#........#a......
#......#..###..########.
.....###..# #### .....#
.... .....# ... .....#
..)..#


You could see an ogre, a worker ant, 2 orc wizards, 3 orcs and a friendly white
imp.

Vanquished Creatures
  A bullfrog (D:3)
  Jessica (D:3)
  Terence (D:3)
  7 adders
  An ooze (D:1)
  2 dart slugs (D:1)
  3 leopard geckos
  3 orcs
  A ball python (D:2)
  12 bats
  4 giant cockroaches
  8 goblins
  5 hobgoblins
  16 jackals
  10 kobolds
  2 quokkas (D:3)
  5 frilled lizards
  A jackal skeleton (D:4)
  3 rats
86 creatures vanquished.

Vanquished Creatures (others)
  A rat (D:3)
1 creature vanquished.

Grand Total: 87 creatures vanquished

Notes
Turn   | Place    | Note
-------+----------+-------------------------------------------
     0 | D:1      | Inarius the Demonspawn Chaos Knight began the quest for the
                  | Orb.
     0 | D:1      | Reached XP level 1. HP: 18/18 MP: 1/1
    55 | D:1      | Reached skill level 3 in Axes
    66 | D:1      | Gained mutation: A weak demonic guardian rushes to your
                  | aid. [demonic ancestry]
    66 | D:1      | Reached XP level 2. HP: 22/24 MP: 2/2
    71 | D:1      | Reached skill level 1 in Dodging
   172 | D:1      | XOM: harmless Air miscast
   204 | D:1      | Gained mutation: You have sharp toenails. [demonic
                  | ancestry]
   204 | D:1      | Reached XP level 3. HP: 29/29 MP: 3/3
   472 | D:1      | XOM: noise
   512 | D:2      | Found a shattered altar of Ashenzari.
   514 | D:2      | Found a shimmering altar of Xom.
   515 | D:2      | Found an ancient bone altar of Kikubaaqudgha.
   517 | D:2      | Found a stormy altar of Qazlal.
   522 | D:2      | XOM is BORED!
   522 | D:2      | XOM: medium Summ miscast
   523 | D:2      | Noticed a small abomination
   523 | D:2      | Noticed a small abomination
   523 | D:2      | Noticed a small abomination
   648 | D:1      | XOM: cloud trail
  1341 | D:2      | Gained mutation: You are partially covered in sharp spines.
                  | [demonic ancestry]
  1341 | D:2      | Reached XP level 4. HP: 36/36 MP: 4/4
  1581 | D:2      | XOM: silly message
  1585 | D:2      | XOM: harmless Ice miscast
  1765 | D:3      | Noticed Terence
  1765 | D:3      | XOM: destruction
  1770 | D:3      | Killed Terence
  2048 | D:3      | Noticed a bullfrog
  2055 | D:3      | XOM: fake destruction
  2057 | D:3      | Killed a bullfrog
  2057 | D:3      | Reached skill level 4 in Axes
  2057 | D:3      | Gained mutation: You are mostly covered in sharp spines.
                  | [demonic ancestry]
  2057 | D:3      | Reached XP level 5. HP: 29/42 MP: 5/5
  2164 | D:3      | Noticed Jessica
  2169 | D:3      | Killed Jessica
  2224 | D:3      | Reached skill level 1 in Stealth
  2741 | D:4      | Reached XP level 6. HP: 47/48 MP: 6/6
  2781 | D:4      | Mangled by an ogre

Vault maps used:
D:1:      scummos_arrival_forest
D:2:      grunt_temple_overflow_open
D:3:      minmay_close_crescents, uniq_terence, uniq_jessica
D:4:      first_ration

Skill      XL: |  1  2  3  4  5 |
---------------+----------------+-----
Axes           | 3 4 |  4.6
Dodging        | 1 2 |  2.2
Armour         | 2 |  2.4
Stealth        | 1 |  1.1
Fighting       | |  3.9

Action                   |  1- 3 |  4- 6 || total
-------------------------+-------+-------++-------
Melee: Hand axe          |    97 |    74 ||   171
       Kick              |     5 |    11 ||    16
  Use: Potion            |     2 |       ||     2
 Stab: Petrifying        |     1 |       ||     1
       Paralysed         |       |     1 ||     1
  Eat: Chunk             |     1 |     5 ||     6
Armor: Leather armour    |    44 |     5 ||    49
       Scale mail        |       |    28 ||    28
Dodge: Dodged            |    91 |    35 ||   126

Table legend:
 A = Non-vault XP
 B = Vault XP
 C = Vault XP percentage of total XP
 D = Non-vault monster count
 E = Vault monster count
 F = Vault count percentage of total count
                 A         B        C        D         E       F
            +---------+---------+-------+---------+---------+-------
      Total |     308 |      76 |  19.8 |      78 |       8 |   9.3
            +---------+---------+-------+---------+---------+-------
        D:1 |      68 |       0 |   0.0 |      32 |       0 |   0.0
        D:2 |      41 |       0 |   0.0 |      17 |       0 |   0.0
        D:3 |     177 |      76 |  30.0 |      24 |       8 |  25.0
        D:4 |      22 |       0 |   0.0 |       5 |       0 |   0.0
            +---------+---------+-------+---------+---------+-------
